 Dungeon Crawl Stone Soup version 0.16-a0-2179-gb75b79b (webtiles) character file.

149338 ztt the Severer (level 16, -5/157 HPs)
             Began as a Minotaur Fighter on Nov 14, 2014.
             Was the Champion of Okawaru.
             Killed by divine providence
             ... invoked by an orc priest
              (11 damage)
             ... while paralysed by an orc sorcerer
             ... on level 4 of the Orcish Mines.
             The game lasted 01:02:39 (28873 turns).

ztt the Severer (Minotaur Fighter)                 Turns: 28873, Time: 01:02:39

Health: -5/157     AC: 32    Str: 31    XL:     16   Next: 32%
Magic:  22/22      EV:  2    Int:  5    God:    Okawaru [******]
Gold:   2020       SH:  0    Dex: 13    Spells: 0 memorised, 15 levels left

rFire  . . .     SeeInvis +     B - +8 executioner's axe (vamp)
rCold  . . .     Clarity  .     A - +2 plate armour
rNeg   . . .     SustAb   .     (no shield)
rPois  +         Gourm    +     (helmet unavailable)
rElec  +         Spirit   .     w - +4 cloak of Gozag's Supremacy {Str+3 Curse}
rCorr  .         Warding  .     E - +2 pair of gloves {Dex+3}
rMut   .         Stasis   .     V - +2 pair of boots {run}
MR     +....                    o - amulet of the gourmand
Stlth  ..........               H - ring of Fragile Peace {rPois Stlth++}
                                P - ring of Behyil {+Blink rElec SInv Stlth+}

@: paralysed, quick, somewhat resistant to hostile enchantments, extremely
unstealthy
A: retaliatory headbutt, horns 3
a: Heroism, Finesse, Renounce Religion, Evoke Blink
}: 2/15 runes: barnacled, gossamer


You were on level 4 of the Orcish Mines.
You worshipped Okawaru.
Okawaru was exalted by your worship.
You were hungry.

You visited 6 branches of the dungeon, and saw 32 of its levels.
You also visited: Bailey.

You collected 2152 gold pieces.
You spent 132 gold pieces at shops.

Inventory:

Hand weapons
 a - a +2 war axe
 e - the +4 morningstar "Killer Bee's Foe" {crush, rN+ MR++ SInv Stlth++}
   (You found it on level 8 of the Lair of Beasts)

   It inflicts extra damage upon your enemies.
   It protects you from negative energy.
   It affects your resistance to hostile enchantments.
   It enhances your eyesight.
   It makes you much more stealthy.
 t - a cursed -2 battleaxe
 B - a +8 vampiric executioner's axe (weapon)
 W - the -1 war axe "Xauc" {chop, SInv Stlth--}
   (You found it on level 5 of the Shoals)

   It inflicts extra damage upon your enemies.
   It enhances your eyesight.
   It makes you much less stealthy.
Armour
 w - the +4 cloak of Gozag's Supremacy (worn) {Str+3 Curse}
   (You found it in a bailey)

   It affects your strength (+3).
   It may recurse itself when equipped.
 A - a +2 plate armour (worn)
 E - a +2 pair of gloves of dexterity (worn)
 V - a +2 pair of boots of running (worn)
Jewellery
 g - an uncursed amulet of resist mutation
 h - an uncursed amulet of regeneration
 i - an uncursed ring of protection from magic
 m - an uncursed ring of poison resistance
 n - an uncursed ring of protection from fire
 o - an amulet of the gourmand (around neck)
 u - an uncursed ring of magical power
 y - an uncursed ring of protection from cold
 H - the ring of Fragile Peace (right hand) {rPois Stlth++}
   (You found it on level 3 of the Shoals)

   [ring of poison resistance]

   It protects you from poison.
   It makes you much more stealthy.
 O - an uncursed amulet of rage
 P - the ring of Behyil (left hand) {+Blink rElec SInv Stlth+}
   (You found it on level 5 of the Lair of Beasts)

   [ring of stealth]

   It insulates you from electricity.
   It enhances your eyesight.
   It lets you blink.
   It makes you more stealthy.
Magical devices
 b - a wand of confusion (17)
 f - a wand of hasting (6)
 k - a wand of frost (31)
 r - a wand of fire (3)
 J - a wand of polymorph (0)
 L - a wand of disintegration (11)
 R - a wand of disintegration (15)
 T - a wand of frost (22)
 X - a wand of draining (2)
Scrolls
 v - a scroll of recharging
 x - 6 scrolls of remove curse
 F - a scroll of magic mapping
 K - a scroll of blinking
 N - a scroll of silence
 Q - 2 scrolls of teleportation
 Y - a scroll of fear
Potions
 j - 6 potions of curing
 l - 4 potions of restore abilities
 p - 2 potions of brilliance
 q - a potion of haste
 z - 2 potions of cure mutation
 D - a potion of magic
 G - a potion of agility
 S - 2 potions of resistance
 U - 2 potions of might
 Z - a potion of invisibility
Comestibles
 d - 12 bread rations
 s - 8 meat rations


   Skills:
 + Level 17.8 Fighting
 + Level 20.9 Axes
 - Level 0.5(14.2) Maces & Flails
 + Level 4.0 Throwing
 + Level 16.2 Armour
   Level 3.6 Shields
 + Level 4.0 Invocations
 * Level 7.7 Evocations


You had 15 spell levels left.
You didn't know any spells.

Dungeon Overview and Level Annotations

Branches:
Dungeon (9/15)             Temple (1/1) D:4            Lair (8/8) D:9
 Shoals (5/5) Lair:5       Spider (5/5) Lair:6        Slime (0/6) Lair:8
    Orc (4/4) D:9             Elf (0/3) Orc:3

Altars:
Ashenzari
Cheibriados
Dithmenos
Elyvilon
Fedhas
Gozag
Kikubaaqudgha
Makhleb
Nemelex Xobeh
Okawaru
Qazlal
Ru
Sif Muna
Trog
Vehumet
Xom
Yredelemnul
Zin
The Shining One
Beogh

Shops:
D:5 *   D:7 *   D:8 }   Shoals:1 *

Annotations:
Lair:8 exclusion: 4 oklob plants
Orc:3 Sonja


Innate Abilities, Weirdness & Mutations

You reflexively headbutt those who attack you in melee.
You have a pair of large horns on your head.


Message History

Something smites you! The ice devil hits you. The ice devil freezes you!!
* * * LOW HITPOINT WARNING * * *
The orc warlord hits you with a battleaxe!!
* * * LOW HITPOINT WARNING * * *
The orc wizard gestures wildly while chanting.
The orc wizard flickers and vanishes for a moment.
The orc warrior hits you but does no damage.
The orc priest glows brightly for a moment.
The orc zombie hits you with a great sword.
* * * LOW HITPOINT WARNING * * *
The orc sorcerer hits you but does no damage.
The orc priest invokes the aid of Beogh against you.
Something smites you!
* * * LOW HITPOINT WARNING * * *
The ice devil hits you but does no damage.
The orc hits you but does no damage.
The orc zombie hits you but does no damage.
The orc priest mumbles some strange prayers to Beogh against you.
Something smites you!
You die...

#.......#.......
##..............
#.#.............
#...........#. .
##.#........## ...
##...#.......#
....#######...#.#.....##
....ooo8o..#...$.....###
...oTooo@Z.......#...#
_...ooo3oZ.))....##.##
.....ooo.......## ##
....o.8........#
....#####.......# ...
......#$## # #..#.####
##..## #.#


You could see an orc warlord, an orc knight (frenzied), an ice devil, a troll,
an orc sorcerer, 7 orc warriors, 3 orc priests, an orc wizard (frenzied), 2
orcs, an orc zombie and an orc zombie.

Vanquished Creatures
  Asterion (Shoals:1)
  Ilsuiw (Shoals:3)
  3 ghost moths
  4 emperor scorpions
  Jorgrun (Spider:5)
  7 merfolk javelineers
  6 merfolk impalers
  An ice dragon (Lair:6)
  Fannar (Lair:5)
  Harold (Lair:4)
  4 hydras
  A merfolk avatar (Shoals:5)
  A satyr (Shoals:5)
  An alligator snapping turtle (Shoals:4)
  A merfolk aquamancer (Shoals:5)
  6 death yaks (Lair:8)
  2 catoblepae
  5 sea snakes
  A harpy (shapeshifter) (Spider:2)
  An unseen horror (Spider:5)
  7 orb spiders
  3 orc knights
  18 wolf spiders
  3 manticores
  3 griffons
  An orc sorcerer (Orc:4)
  9 harpies
  4 red wasps
  A draconian (Spider:5)
  6 sirens
  18 spiny frogs
  6 black mambas
  A torpor snail (Spider:4)
  A gargoyle (D:8)
  9 komodo dragons
  A fire drake (Lair:5)
  6 demonic crawlers
  15 merfolk
  5 giant leeches (Lair:8)
  23 jumping spiders
  2 wind drakes
  3 polar bears
  A blue devil (Orc:4)
  2 queen bees
  A troll (D:9)
  31 blink frogs
  Prince Ribbit (Lair:1)
  A boulder beetle (Spider:1)
  A basilisk (Lair:7)
  14 trapdoor spiders
  7 snapping turtles
  21 tarantellas
  22 yaks
  38 redbacks
  Eustachio (D:7)
  5 water elementals
  A wyvern (Lair:6)
  10 vampire mosquitoes
  8 wolves
  4 hippogriffs
  Edmund (D:5)
  13 porcupines
  10 water moccasins
  11 orc warriors
  2 sky beasts (D:9)
  A swamp drake (D:9)
  4 ice beasts
  27 spiders
  3 ogres
  A yellow wasp (Spider:1)
  2 phantoms (D:9)
  3 centaurs
  11 crocodiles
  34 giant frogs
  Blork the orc (D:5)
  5 scorpions
  5 electric eels (Lair:8)
  23 killer bees (Lair:2)
  2 crimson imps
  3 vampire bats (Lair:6)
  4 goliath beetles
  2 quasits
  9 hounds
  10 orc priests
  3 centaur skeletons
  2 jellies
  4 giant frog skeletons
  12 orc wizards
  5 worker ants
  7 iguanas
  26 sheep
  2 killer bee zombies
  Jessica (D:3)
  Terence (D:3)
  A hound skeleton (D:5)
  A worker ant zombie (D:7)
  27 adders
  12 gnolls
  A giant mite (Lair:6)
  67 green rats
  4 white imps
  An ufetubus (D:7)
  3 worms
  4 giant geckos
  2 oozes
  59 orcs
  3 ball pythons
  4 giant cockroaches
  20 goblins
  16 hobgoblins
  10 jackals
  28 kobolds
  24 bats
  4 giant newts
  2 orc zombies (Orc:4)
  16 quokkas
  20 rats
  3 fungi
  5 plants
950 creatures vanquished.

Vanquished Creatures (others)
  A drowned soul (Shoals:5)
  3 fungi
  3 plants
7 creatures vanquished.

Grand Total: 957 creatures vanquished

Notes
Turn   | Place    | Note
--------------------------------------------------------------
     0 | D:1      | ztt, the Minotaur Fighter, began the quest for the Orb.
     0 | D:1      | Reached XP level 1. HP: 19/19 MP: 1/1
   122 | D:1      | Reached skill level 4 in Fighting
   156 | D:1      | Reached XP level 2. HP: 21/27 MP: 1/1
   956 | D:2      | Reached XP level 3. HP: 30/34 MP: 2/2
  1000 | D:2      | Found a blossoming altar of Fedhas.
  1442 | D:2      | Reached XP level 4. HP: 34/41 MP: 2/2
  1844 | D:3      | Reached skill level 5 in Fighting
  1872 | D:3      | Reached skill level 5 in Armour
  1872 | D:3      | Reached XP level 5. HP: 27/48 MP: 2/2
  2202 | D:3      | Noticed Terence
  2209 | D:3      | Killed Terence
  2734 | D:3      | Noticed Jessica
  2739 | D:3      | Killed Jessica
  2899 | D:4      | Reached XP level 6. HP: 53/56 MP: 3/3
  2911 | D:4      | Reached skill level 5 in Axes
  3005 | D:4      | Found a glowing silver altar of Zin.
  3196 | D:4      | Found a staircase to the Ecumenical Temple.
  3303 | Temple   | Entered the Ecumenical Temple
  3557 | Temple   | Became a worshipper of Warmaster Okawaru
  4093 | D:5      | Entered Level 5 of the Dungeon
  4186 | D:5      | Noticed Edmund
  4213 | D:5      | Killed Edmund
  4213 | D:5      | Reached skill level 6 in Fighting
  4213 | D:5      | Reached XP level 7. HP: 34/63 MP: 3/3
  4266 | D:5      | Noticed Blork the orc
  4277 | D:5      | Killed Blork the orc
  4282 | D:5      | Found Imuuk's General Store.
  4305 | D:5      | Bought a scroll of identify for 28 gold pieces
  4305 | D:5      | Bought a potion of heal wounds for 70 gold pieces
  5084 | D:5      | Found an ancient bone altar of Kikubaaqudgha.
  5088 | D:5      | Identified Kikubaaqudgha's Collected Works on Darkness
  5092 | D:5      | Found a deep blue altar of Sif Muna.
  5096 | D:5      | Identified Sif Muna's Catalogue of Conjuration
  5100 | D:5      | Found a radiant altar of Vehumet.
  5104 | D:5      | Identified Vehumet's Almanac of Conjuration
  5232 | D:6      | Acquired Okawaru's first power
  5232 | D:6      | Reached skill level 7 in Fighting
  5482 | D:6      | Reached XP level 8. HP: 60/73 MP: 3/3
  5776 | D:7      | Found a sparkling altar of Nemelex Xobeh.
  5776 | D:7      | Found an opulent altar of Gozag.
  5886 | D:7      | Noticed Eustachio
  5904 | D:7      | Killed Eustachio
  6081 | D:7      | Reached skill level 8 in Axes
  6146 | D:7      | Found a flagged portal.
  6164 | Bailey   | Entered a bailey
  6308 | Bailey   | Noticed an orc knight
  6325 | Bailey   | Reached skill level 1 in Throwing
  6365 | Bailey   | Killed an orc knight
  6365 | Bailey   | Reached skill level 9 in Axes
  6365 | Bailey   | Reached XP level 9. HP: 34/82 MP: 1/5
  6373 | Bailey   | HP: 1/82 [orc warrior/war axe (14)]
  6488 | Bailey   | Got a transparent cloak
  6506 | Bailey   | Identified the +4 cloak of Gozag's Supremacy {Str+3 Curse} (You found it in a bailey)
  6878 | D:7      | Found Khe Bap's Assorted Antiques.
  7118 | D:8      | Reached skill level 1 in Invocations
  7231 | D:8      | Noticed a gargoyle
  7233 | D:8      | Found Palock's Gadget Shoppe.
  7242 | D:8      | Killed a gargoyle
  7242 | D:8      | Reached skill level 10 in Axes
  7687 | D:9      | Reached skill level 11 in Axes
  7702 | D:9      | Found a staircase to the Orcish Mines.
  7750 | D:9      | Reached XP level 10. HP: 77/93 MP: 5/5
  7813 | D:9      | Found a staircase to the Lair.
  7989 | D:9      | Reached skill level 10 in Fighting
  8253 | Lair:1   | Entered Level 1 of the Lair of Beasts
  8323 | Lair:1   | Reached skill level 12 in Axes
  8662 | Lair:1   | Noticed a four-headed hydra
  8670 | Lair:1   | Killed a four-headed hydra
  8670 | Lair:1   | Acquired Okawaru's second power
  8892 | Lair:1   | Noticed Prince Ribbit
  8905 | Lair:1   | Killed Prince Ribbit
  8941 | Lair:1   | Reached skill level 13 in Axes
  9128 | Lair:1   | Reached skill level 10 in Armour
  9128 | Lair:1   | Reached XP level 11. HP: 73/102 MP: 6/6
 10242 | Lair:2   | Received a gift from Okawaru
 10853 | Lair:3   | Reached skill level 14 in Axes
 10989 | Lair:3   | Received a gift from Okawaru
 11651 | Lair:3   | Received a gift from Okawaru
 11967 | Lair:4   | Noticed Harold
 11980 | Lair:4   | Killed Harold
 11980 | Lair:4   | Received a gift from Okawaru
 11980 | Lair:4   | Reached XP level 12. HP: 105/113 MP: 8/8
 12310 | Lair:4   | Noticed a six-headed hydra
 12323 | Lair:4   | Killed a seven-headed hydra
 12323 | Lair:4   | Reached skill level 15 in Axes
 12705 | Lair:5   | Got a pitted ivory ring
 12713 | Lair:5   | Identified the cursed ring of Behyil {+Blink rElec SInv Stlth+} (You found it on level 5 of the Lair of Beasts)
 12771 | Lair:5   | Noticed Fannar
 12793 | Lair:5   | Killed Fannar
 13058 | Lair:5   | Found a staircase to the Shoals.
 13457 | Lair:6   | Identified the Collected Works on Mutagenic Snow
 13492 | Lair:6   | Found a hole to the Spider Nest.
 13589 | Lair:6   | Reached skill level 16 in Axes
 14087 | Lair:6   | Received a gift from Okawaru
 14210 | Lair:6   | Noticed an ice dragon
 14228 | Lair:6   | Killed an ice dragon
 14470 | Lair:6   | Reached XP level 13. HP: 108/124 MP: 9/9
 14619 | Lair:7   | Received a gift from Okawaru
 14627 | Lair:7   | Got a crystal great mace {god gift}
 14635 | Lair:7   | Identified the +3 great mace of the Beginning {freeze, Str+3} (Okawaru gifted it to you on level 7 of the Lair of Beasts)
 15425 | Lair:8   | Entered Level 8 of the Lair of Beasts
 15538 | Lair:8   | Reached skill level 17 in Axes
 15633 | Lair:8   | Received a gift from Okawaru
 16121 | Lair:8   | Got a pitted plate armour {god gift}
 16132 | Lair:8   | Identified the +7 plate armour of Okawaru's Favour {Str-4} (Okawaru gifted it to you on level 8 of the Lair of Beasts)
 16326 | Lair:8   | Reached skill level 15 in Fighting
 16380 | Lair:8   | Found a staircase to the Slime Pits.
 16837 | Lair:8   | Reached skill level 18 in Axes
 17182 | Lair:8   | Reached XP level 14. HP: 119/135 MP: 12/12
 17200 | Lair:8   | Got a slimy morningstar
 17201 | Lair:8   | Identified the +4 morningstar "Killer Bee's Foe" {crush, rN+ MR++ SInv Stlth++} (You found it on level 8 of the Lair of Beasts)
 17481 | Spider:1 | Entered Level 1 of the Spider Nest
 17918 | Spider:1 | Gained mutation: You have a pair of large horns on your head. [potion of beneficial mutation]
 18193 | Spider:1 | Received a gift from Okawaru
 18193 | Spider:1 | Reached skill level 1 in Evocations
 18526 | Spider:1 | Received a gift from Okawaru
 18914 | Spider:3 | Noticed an emperor scorpion
 18933 | Spider:3 | Killed an emperor scorpion
 20440 | Spider:3 | Reached skill level 19 in Axes
 21686 | Spider:4 | Noticed a ghost moth
 21698 | Spider:4 | Killed a ghost moth
 21698 | Spider:4 | Received a gift from Okawaru
 21698 | Spider:4 | Reached skill level 15 in Armour
 21804 | Spider:5 | Entered Level 5 of the Spider Nest
 21804 | Spider:5 | Noticed Jorgrun
 21829 | Spider:5 | Killed Jorgrun
 21829 | Spider:5 | Received a gift from Okawaru
 21851 | Spider:5 | Identified a +1 pair of boots of running (Okawaru gifted it to you on level 5 of the Spider Nest)
 22188 | Spider:5 | Reached XP level 15. HP: 138/145 MP: 17/17
 22657 | Spider:5 | Reached skill level 5 in Evocations
 22907 | Spider:5 | Noticed a ghost moth
 22922 | Spider:5 | Killed a ghost moth
 22970 | Spider:5 | Noticed an emperor scorpion
 23001 | Spider:5 | Killed an emperor scorpion
 23004 | Spider:5 | Noticed an emperor scorpion
 23023 | Spider:5 | Killed an emperor scorpion
 23033 | Spider:5 | Noticed an emperor scorpion
 23056 | Spider:5 | Killed an emperor scorpion
 23389 | Spider:5 | Noticed a ghost moth
 23402 | Spider:5 | Killed a ghost moth
 23406 | Spider:5 | Got a gossamer rune of Zot
 23697 | Shoals:1 | Entered Level 1 of the Shoals
 23697 | Shoals:1 | Found Urreloj's Assorted Antiques.
 23710 | Shoals:1 | Reached skill level 20 in Axes
 23744 | Shoals:1 | Noticed Asterion
 23975 | Shoals:1 | Killed Asterion
 23975 | Shoals:1 | Received a gift from Okawaru
 24233 | Shoals:1 | Bought a scroll labeled CHACOT QAYZ for 34 gold pieces
 24328 | Shoals:3 | Noticed Ilsuiw
 24788 | Shoals:2 | Received a gift from Okawaru
 24925 | Shoals:3 | Killed Ilsuiw
 24947 | Shoals:3 | Got a crude silver ring
 24959 | Shoals:3 | Identified the ring of Fragile Peace {rPois Stlth++} (You found it on level 3 of the Shoals)
 25326 | Shoals:5 | Entered Level 5 of the Shoals
 26151 | Shoals:5 | Received a gift from Okawaru
 26157 | Shoals:5 | Reached XP level 16. HP: 129/155 MP: 21/21
 26161 | Shoals:5 | Got a shimmering war axe
 26162 | Shoals:5 | Identified the cursed -1 war axe "Xauc" {chop, SInv Stlth--} (You found it on level 5 of the Shoals)
 27646 | Shoals:4 | Received a gift from Okawaru
 28214 | Shoals:5 | Got a barnacled rune of Zot
 28493 | Orc:1    | Entered Level 1 of the Orcish Mines
 28661 | Orc:3    | Found a staircase to the Elven Halls.
 28690 | Orc:3    | Noticed Sonja
 28704 | Orc:4    | Entered Level 4 of the Orcish Mines
 28831 | Orc:4    | Paralysed by an orc sorcerer for 7 turns
 28860 | Orc:4    | Found a roughly hewn altar of Beogh.
 28869 | Orc:4    | Paralysed by an orc sorcerer for 5 turns
 28873 | Orc:4    | HP: 6/157 [orc priest/divine providence[an orc warlord] (9)]
 28873 | Orc:4    | Killed from afar by an orc priest

Action                   |  1- 3 |  4- 6 |  7- 9 | 10-12 | 13-15 | 16-18 || total
-------------------------+-------+-------+-------+-------+-------+-------++-------
Melee: War axe           |   102 |   158 |   391 |   875 |  1396 |   230 ||  3152
       Morningstar       |       |       |       |    11 |    14 |       ||    25
       Executioner's axe |       |       |       |       |       |    40 ||    40
Throw: Tomahawk          |       |       |    27 |       |       |       ||    27
Invok: Heroism           |       |       |     3 |     1 |       |       ||     4
       Finesse           |       |       |       |     2 |     6 |       ||     8
Evoke: Wand              |       |       |       |       |    16 |     6 ||    22
  Use: Scroll            |       |    13 |     7 |    11 |    14 |    10 ||    55
       Potion            |       |     2 |     3 |     8 |     6 |     1 ||    20
  Eat: Fruit             |       |     5 |       |    10 |       |       ||    15
       Meat ration       |       |     1 |     2 |       |       |     1 ||     4
       Pizza             |       |     1 |     1 |     2 |     1 |       ||     5
       Beef jerky        |       |       |     2 |     5 |     1 |       ||     8
       Chunk             |       |       |       |     1 |    19 |       ||    20
       Royal jelly       |       |       |       |     1 |     7 |     5 ||    13
